 Dungeon Crawl Stone Soup version 0.18.1-50-g88ac8fd (webtiles) character file.

108 nikopol the Skirmisher (level 4, -14/61 HPs)
             Began as a Minotaur Berserker on Oct 16, 2016.
             Was a Priest of Trog.
             Demolished by an orc warrior
             ... wielding a +0 long sword
              (18 damage)
             ... on level 3 of the Dungeon.
             The game lasted 00:03:22 (1799 turns).

nikopol the Skirmisher (Minotaur Berserker)         Turns: 1799, Time: 00:03:23

Health: -14/61     AC:  2    Str: 27    XL:     4   Next: 58%
Magic:  3/3        EV: 13    Int:  4    God:    Trog [***...]
Gold:   88         SH:  0    Dex: 10    Spells: 0 memorised, 3 levels left

rFire  . . .     SeeInvis .     a - +0 hand axe
rCold  . . .     Gourm    .     b - +0 animal skin
rNeg   . . .     Faith    .     (no shield)
rPois  .         Spirit   .     (helmet restricted)
rElec  .         Dismiss  .     (no cloak)
rCorr  .         Reflect  .     (no gloves)
SustAt .         Harm     .     (no boots)
MR     .....                    (no amulet)
Stlth  ..........               (no ring)
                                (no ring)

@: berserking, lethally poisoned (-14 -> -21), very quick, not resistant to
hostile enchantments, extremely unstealthy
A: retaliatory headbutt, horns 2
a: Berserk, Trog's Hand, Burn Spellbooks, Renounce Religion


You were on level 3 of the Dungeon.
You worshipped Trog.
Trog was most pleased with you.
You were not hungry.

You visited 1 branch of the dungeon, and saw 3 of its levels.

You collected 88 gold pieces.

Inventory:

Hand Weapons
 a - a +0 hand axe (weapon)
Missiles
 j - 22 arrows (quivered)
Armour
 b - a +0 animal skin (worn)
Scrolls
 f - a scroll of remove curse {unknown}
 g - a scroll of fear {unknown}
 h - 2 scrolls of recharging {unknown}
 i - 3 scrolls of identify {unknown}
 l - a scroll of magic mapping {unknown}
Potions
 d - 2 potions of haste {unknown}
 e - 4 potions of heal wounds {unknown}
 k - 2 potions of degeneration {unknown}
 m - 3 potions of curing {unknown}
 o - 2 potions of brilliance {unknown}
 q - a potion of lignification {unknown}
 r - a potion of cancellation {unknown}
Comestibles
 c - a bread ration
 n - 2 meat rations


   Skills:
 + Level 4.3 Fighting
 + Level 4.2 Axes
 + Level 3.7 Armour
 + Level 3.5 Dodging


You had 3 spell levels left.
You didn't know any spells.

Dungeon Overview and Level Annotations

Branches:
Dungeon (3/15)

Altars:
Nemelex Xobeh


Innate Abilities, Weirdness & Mutations

You reflexively headbutt those who attack you in melee.
You have a pair of horns on your head.


Message History

You completely miss the orc warrior. You headbutt the orc warrior!
The orc warrior is heavily wounded.
You barely miss the hobgoblin. You hit the orc wizard.
The orc wizard is heavily wounded.
You feel sick. The orc warrior closely misses you. You furiously retaliate!
You headbutt the orc warrior.
The kobold shoots a poisoned needle.
The poisoned needle closely misses you.
You hit the orc warrior.
The orc warrior is almost dead.
You hit the orc wizard.
The orc wizard is almost dead.
You slash the hobgoblin!
You kill the hobgoblin!
Trog accepts your kill. The orc wizard casts a spell at you.
The puff of frost hits you!
* * * LOW HITPOINT WARNING * * *
The kobold shoots a poisoned needle.
The poisoned needle barely misses you.
The orc warrior hits you with a long sword!!
You die...

#...... .###.## .......
....... ..........[....
......./.....#
.......#.....#
.......#(....#
......o#.....# ..
......o@†....## ...
.###..)(......# ..###+##
..............# #......#
..............# #......+
......K.......# #......#
.........##'#.###......#
..##........#.>.'......#
..........#######......#
......................+


You could see an orc warrior, an orc wizard and a kobold.

Vanquished Creatures
  Ijyb (D:2)
  2 adders (D:2)
  2 dart slugs
  3 orcs (D:3)
  7 goblins
  6 hobgoblins
  9 jackals (D:1)
  A quokka (D:2)
  A ball python (D:3)
  6 bats
  3 giant newts
  9 kobolds
  6 rats
56 creatures vanquished.

Notes
Turn   | Place    | Note
--------------------------------------------------------------
     0 | D:1      | nikopol the Minotaur Berserker began the quest for the Orb.
     0 | D:1      | Reached XP level 1. HP: 19/19 MP: 0/0
   178 | D:1      | Reached XP level 2. HP: 19/27 MP: 1/1
   546 | D:1      | Reached ** piety under Trog
   633 | D:1      | Reached XP level 3. HP: 33/33 MP: 2/2
   858 | D:2      | Noticed Ijyb
   869 | D:2      | Killed Ijyb
   936 | D:2      | Reached XP level 4. HP: 26/40 MP: 3/3
  1756 | D:3      | Found a sparkling altar of Nemelex Xobeh.
  1788 | D:3      | Noticed an orc warrior
  1799 | D:3      | Reached *** piety under Trog
  1799 | D:3      | Demolished by an orc warrior

Skill      XL: |  1  2  3 |
---------------+----------+-----
Dodging        | 3 |  3.5
Fighting       | 4 |  4.3
Armour         | 3 |  3.7
Axes           | 4 |  4.2

Action                   |  1- 3 |  4- 6 || total
-------------------------+-------+-------++-------
Melee: Hand axe          |    62 |    48 ||   110
       Headbutt          |     9 |     6 ||    15
Invok: Berserk           |       |     1 ||     1
  Eat: Chunk             |       |     3 ||     3
Armor: Animal skin       |    11 |     5 ||    16
Dodge: Dodged            |    34 |    39 ||    73
